 Dungeon Crawl Stone Soup version 0.17-a0-1636-g3119f2b (console) character file.

368 Monkaria the Destroyer (level 6, -2/32 HPs)
             Began as a Deep Elf Conjurer on Aug 6, 2015.
             Was an Initiate of Vehumet.
             Slain by Nattefrost's ghost (6 damage)
             ... on level 4 of the Dungeon.
             The game lasted 00:09:26 (4371 turns).

Monkaria the Destroyer (Deep Elf Conjurer)          Turns: 4371, Time: 00:09:26

Health: -2/32      AC:  5    Str:  5      XL:     6   Next: 41%
Magic:  12/12      EV: 12    Int: 22      God:    Vehumet [......]
Gold:   232        SH:  0    Dex: 12 (15) Spells: 2 memorised, 8 levels left

rFire  . . .     SeeInvis .     (no weapon)
rCold  . . .     Clarity  .     a - +0 robe
rNeg   . . .     SustAt   .     (no shield)
rPois  .         Gourm    .     (no helmet)
rElec  .         Spirit   .     p - +0 cloak
rCorr  .         Warding  .     (no gloves)
rMut   .         Stasis   .     (no boots)
MR     .....                    (no amulet)
Stlth  ++........               (no ring)
                                r - +2 ring of protection

@: not resistant to hostile enchantments, unstealthy
A: no striking features
a: Renounce Religion


You were on level 4 of the Dungeon.
You worshipped Vehumet.
Vehumet was noncommittal.
You were not hungry.

You visited 1 branch of the dungeon, and saw 4 of its levels.

You collected 232 gold pieces.

Inventory:

Armour
 a - a +0 robe (worn)
 m - a +2 chain mail of poison resistance
 p - a +0 cloak (worn)
Jewellery
 e - an uncursed amulet of regeneration
 i - an uncursed ring of fire
 r - a +2 ring of protection (left hand)
Scrolls
 d - a scroll of magic mapping {unknown}
 f - 2 scrolls of amnesia {unknown}
 g - a scroll of immolation {unknown}
 k - a scroll of remove curse {unknown}
 l - 4 scrolls of teleportation {unknown}
 o - 2 scrolls of identify {unknown}
 q - a scroll of fog {unknown}
Potions
 n - a potion of curing
Books
 b - a book of Conjurations

   Spells                             Type                      Level
   a - Magic Dart                     Conjuration                  1
   b - Searing Ray                    Conjuration                  2
   c - Dazzling Spray                 Conjuration/Hexes            3
   d - Fulminant Prism                Conjuration/Hexes            4
   e - Iskenderun's Mystic Blast      Conjuration                  4
   f - Iskenderun's Battlesphere      Conjuration/Charms           5
Comestibles
 c - 2 bread rations
 j - 2 meat rations


   Skills:
 - Level 2.4 Dodging
 - Level 2.4 Stealth
 - Level 3.0 Spellcasting
 + Level 8.5 Conjurations


You had 8 spell levels left.
You knew the following spells:

 Your Spells              Type           Power        Failure   Level  Hunger
a - Magic Dart            Conj           ####         1%          1    None
b - Searing Ray           Conj           #####.       1%          2    ##.....


Dungeon Overview and Level Annotations

Branches:
Dungeon (4/15)
 Temple: D:4-7

Altars:
Vehumet
Zin

Annotations:
D:4 Nattefrost's ghost, average HOGl


Message History

You kill the orc!
Vehumet accepts your kill.
You start resting.
HP restored.
You start resting.
Nattefrost's ghost (average Hill Orc Gladiator) opens the door.
Nattefrost's ghost turns its malevolent gaze towards you.
There is an open door here.
Nattefrost's ghost whispers, "There is no future for you."
Nattefrost's ghost hits you!
Ouch! That really hurt!
You see here 8 stones.
Nattefrost's ghost hits you!
* * * LOW HITPOINT WARNING * * *
Drink which item? (? for menu, Esc to quit)
It was a potion of degeneration.
There was something very wrong with that liquid.
You feel clumsy. Nattefrost's ghost hits you.
You die...

........#
#.#######.######.
#......<.........
#.###.###.######.
#.........# #.###.###.#
#.# #.# #.###.###.#
##+## #....@....#
##...## #####W#####
##.....## #.#.##
##.......#
#######(...####.........
..............'.........
#######....####....((...
#.#.## ##.......# #.###
##....)## #.#####
##...##


You could see Nattefrost's ghost.

Vanquished Creatures
  A crimson imp (D:3)
  A hound (D:3)
  2 orc wizards (D:3)
  Terence (D:2)
  A gnoll (D:2)
  11 adders
  3 worms (D:2)
  3 giant geckos
  16 orcs
  3 ball pythons
  4 giant cockroaches
  10 hobgoblins
  6 bats
  3 giant newts
  6 goblins
  7 jackals (D:2)
  11 kobolds
  8 rats
97 creatures vanquished.

Notes
Turn   | Place    | Note
--------------------------------------------------------------
     0 | D:1      | Monkaria the Deep Elf Conjurer began the quest for the Orb.
     0 | D:1      | Reached XP level 1. HP: 10/10 MP: 6/6
   234 | D:1      | Reached XP level 2. HP: 13/15 MP: 4/8
   296 | D:1      | Reached skill level 5 in Conjurations
   714 | D:2      | Reached XP level 3. HP: 19/19 MP: 3/9
   718 | D:2      | Learned a level 2 spell: Searing Ray
  1047 | D:2      | Found a faded altar to an unknown god.
  1076 | D:2      | Noticed Terence
  1526 | D:2      | Reached skill level 6 in Conjurations
  1587 | D:2      | Reached XP level 4. HP: 10/24 MP: 1/10
  1795 | D:2      | Killed Terence
  2538 | D:3      | Reached skill level 7 in Conjurations
  2538 | D:3      | Reached XP level 5. HP: 28/28 MP: 2/11
  2657 | D:3      | Found a glowing silver altar of Zin.
  3428 | D:3      | Reached skill level 8 in Conjurations
  3428 | D:3      | Reached XP level 6. HP: 28/32 MP: 1/12
  3728 | D:3      | Found a radiant altar of Vehumet.
  3745 | D:3      | Became a worshipper of Vehumet
  4337 | D:4      | Noticed Nattefrost's ghost (average HOGl)
  4371 | D:4      | Slain by Nattefrost's ghost

Vault maps used:
D:1:      eino_arrival_water_star, minmay_misc_feat_nine_boxes
D:2:      ecumenical_altar_2, uniq_terence
D:3:      lemuel_crystal_altar, lemuel_round_altar, kennysheep_minor_cross

Action                   |  1- 3 |  4- 6 || total
-------------------------+-------+-------++-------
Melee: Unarmed           |     3 |    19 ||    22
 Cast: Magic Dart        |    68 |   126 ||   194
       Searing Ray       |     5 |     9 ||    14
  Use: Potion            |     4 |     1 ||     5
  Eat: Chunk             |     2 |     7 ||     9
       Beef jerky        |       |     1 ||     1
